 Dungeon Crawl Stone Soup version 0.32-a0-17-gb74e046682 (webtiles) character file.

Game seed: 9587470497360864766

24 runemasterragnar the Ruffian (level 2, 0/27 HPs)
             Began as a Troll Shapeshifter on Jan 15, 2024.
             Slain by an adder (2 damage)
             ... on level 1 of the Dungeon.
             The game lasted 00:01:02 (784 turns).

runemasterragnar the Ruffian (Troll Shapeshifter)    Turns: 784, Time: 00:01:03

Health: 0/27       AC:  4    Str: 21    XL:     2   Next: 79%
Magic:  1/1        EV:  9    Int:  6    God:
Gold:   48         SH:  0    Dex:  9    Spells: 1/1 levels left

rFire   . .          .
                       - Unarmed
rCold   . . .        (no shield)
rNeg    . . .        a - +0 animal skin
rPois   .            (helmet currently unavailable)
rElec   .            (cloak currently unavailable)
rCorr   .            (gloves unavailable)
SInv    .            (boots unavailable)
Will    .....        (no amulet)
Stlth   +            (no ring)
HPRegen 1.04/turn    (no ring)
MPRegen 0.07/turn

%: no passive effects
@: lethally poisoned (0 -> -1), beast-form
A: beast (slay +1), large, unfitting armour, claws 3, regeneration 1, shaggy fur
1, tough skin 1
a: Begin Untransformation


You were on level 1 of the Dungeon.
You were a hulking beast.
You visited 1 branch of the dungeon, and saw 2 of its levels.

You collected 48 gold pieces.

Inventory:

Armour
 a - a +0 animal skin (worn)
Jewellery
 f - a ring of protection from fire
Talismans
 c - a beast talisman
 d - a flux talisman
Scrolls
 g - a scroll of enchant armour {unknown}
 h - a scroll of amnesia {unknown}
 i - a scroll of identify {unknown}
Potions
 b - a potion of lignification
 e - a potion of berserk rage {unknown}


   Skills:
 * Level 1.5 Fighting
 - Level 1.5 Dodging
 * Level 3.4 Unarmed Combat
 + Level 3.1 Shapeshifting


You had one spell level left.
You didn't know any spells.
Your spell library was empty.

Dungeon Overview and Level Annotations

Branches:
Dungeon (2/15)

Altars:
Sif Muna

Annotations:
D:2 Robin


Innate Abilities, Weirdness & Mutations

You are a hulking beast.
Your limbs bulge with bestial killing power. (Slay +1)
You are too large for most types of armour.
You have claws for hands.
Your natural rate of healing is unusually fast.
You are covered in fur. (AC +1)
You have tough skin. (AC +1)


Message History

The goblin barely misses you. The adder attacks as it pursues you!
The adder bites you but does no damage.
You hear a shout! x2
There is a stone staircase leading up here.
Unknown command.
Unknown command.
The goblin closely misses you.
Robin says, "My goblins will feast on your bones."
The adder barely misses you.
The hobgoblin hits you but does no damage.
You climb upwards.
There is a stone staircase leading down here.
Unknown command.
Unknown command.
You closely miss the adder.
The adder is almost dead.
The adder bites you. The goblin hits you with a +0 club.
The hobgoblin hits you but does no damage.
The adder bites you but does no damage.
You closely miss the adder.
The adder is almost dead.
The goblin barely misses you. The hobgoblin barely misses you.
The adder bites you.
* * * LOW HITPOINT WARNING * * *
You miss the adder.
The adder is almost dead.
The goblin barely misses you. The hobgoblin completely misses you.
The adder bites you.
* * * LOW HITPOINT WARNING * * *
You are poisoned.
The adder poisons you!
You feel sick. The adder attacks as it pursues you!
The adder bites you but does no damage. The goblin completely misses you.
You feel sick. The adder attacks as it pursues you! The adder bites you.
* * * LOW HITPOINT WARNING * * *
The adder barely misses you.
You barely miss the adder.
The adder is almost dead.
You feel sick. The adder bites you.
You die...

## ##.##### ###8#8'8### #####.##
.## #.# ######'###### #.# ..#
#.## #...........# ##.#
#'#####.### #≈≈≈§§§^.≈≈≈# ###.###
÷...####..#####≈§§§§≈§#####..##..
÷.....####...#####'#####...####.#
...##.## ####...........#### ##.#
#####..#######################..#
##........gSh..............##
#######..g##.######.#######
#..#.##.# #.# ####.......######.#
#...............#.#####
#.##........#.........#
#.#.......#.#......####
#.#..)....#.#......#
#.....#.....#......#


You could see an adder, a hobgoblin (strong) and a goblin (strong).

Vanquished Creatures
  A ball python (D:1)
  A giant cockroach (D:1)
  2 goblins (D:1)
  2 hobgoblins (D:1)
  3 jackals (D:1)
  3 kobolds (D:1)
  A quokka (D:1)
  6 bats (D:1)
  A frilled lizard (D:1)
20 creatures vanquished.

Notes
Turn   | Place    | Note
-------+----------+-------------------------------------------
     0 | D:1      | runemasterragnar the Troll Shapeshifter began the quest for
                  | the Orb.
     0 | D:1      | Reached XP level 1. HP: 18/18 MP: 0/0
    78 | D:1      | Reached skill level 1 in Fighting
   138 | D:1      | Reached XP level 2. HP: 27/27 MP: 1/1
   767 | D:2      | Found a shimmering blue altar of Sif Muna.
   773 | D:2      | Noticed Robin
   784 | D:1      | Slain by an adder

Illustrated notes

Levels and vault maps discovered:
D:1:      dpeg_arrival_morbid_curiosity, layout_basic, kennysheep_pointless_box,
          minmay_tree_intersection, chequers_serial_rivers_room_a,
          minmay_pentomino_q2
D:2:      layout_rooms, ebering_ecumenical_altar_rust, basic_altar,
          uniq_natasha, uniq_robin

Skill      XL: |  1 |
---------------+----+-----
Fighting       | 1 |  1.5
Dodging        | |  1.5
Unarmed Combat | |  3.4
Shapeshifting  | |  3.1

Action                     || total
---------------------------++-------
  Melee: Unarmed           ||    64
 Armour: Animal skin       ||    71
  Dodge: Dodged            ||    54

Table legend: (Time is in decaauts)
 A = Elapsed time spent in this place.
 B = Non-inter-level travel time spent in this place.
 C = Inter-level travel time spent in this place.
 D = Time resting spent in this place.
 E = Time spent auto-exploring this place.
 F = Levels seen in this place.
 G = Mean time per level.
                   A        B        C        D        E       F      G
               +--------+--------+--------+--------+--------+-----+--------+
         Total |    780 |    700 |     80 |      0 |    502 |   2 |  390.0 |
       Dungeon |    780 |    700 |     80 |      0 |    502 |   2 |  390.0 |
               +--------+--------+--------+--------+--------+-----+--------+

Top non-repeatable levels by time:
     D:1: 770 daAuts
     D:2: 10 daAuts
